 Dungeon Crawl Stone Soup version 0.24.0-125-gc4c63601f3 (webtiles) character file.

Game seed: 14535992993054455044, levelgen mode: deterministic

123 Descartes the Grasshopper (level 4, 0/20 HPs)
             Began as a Felid Warper on Mar 4, 2020.
             Slain by Sigmund
             ... wielding a +0 scythe
              (7 damage)
             ... on level 3 of the Dungeon.
             The game lasted 00:05:49 (4724 turns).

Descartes the Grasshopper (Felid Warper)            Turns: 4724, Time: 00:05:50

Health: 0/20       AC:  1    Str:  7    XL:     4   Next: 80%
Magic:  8/8        EV: 19    Int: 15    God:
Gold:   129        SH:  0    Dex: 15    Spells: 6/8 levels left
                                        Lives:  0   Deaths: 1

rFire    . . .     SeeInvis +     - Unarmed
rCold    . . .     Gourm    .   (shield unavailable)
rNeg     . . .     Faith    .   (armour unavailable)
rPois    .         Spirit   .   (helmet unavailable)
rElec    .         Reflect  .   (cloak unavailable)
rCorr    .         Harm     .   (gloves unavailable)
MR       .....                  (boots unavailable)
Stlth    +++.......             (no amulet)
HPRegen  0.06/turn              (no ring)
MPRegen  0.11/turn              (no ring)

@: quick
A: very small, no armour, no weapons or thrown items, stealth, claws 1, fangs 3,
see invisible, carnivore, speed 1, shaggy fur 1, slow metabolism 1, sharp paws
a: no special abilities


You were on level 3 of the Dungeon.
You were completely stuffed.

You visited 1 branch of the dungeon, and saw 3 of its levels.

You collected 129 gold pieces.

Inventory:

Missiles
 h - 61 stones
 j - 13 arrows
Jewellery
 i - a +4 ring of strength {unknown}
Scrolls
 a - a scroll of teleportation {unknown}
 b - a scroll of blinking
 e - a scroll of identify {unknown}
 f - a scroll of enchant armour {unknown}
 l - 2 scrolls of amnesia {unknown}
 m - a scroll of enchant weapon {unknown}
 n - a scroll of fog {unknown}
 p - a scroll of remove curse {unknown}
Potions
 d - a potion of berserk rage {unknown}
 g - a potion of curing {unknown}
 k - a potion of haste {unknown}
 o - a potion of heal wounds {unknown}
 q - a potion of invisibility {unknown}
Comestibles
 c - 4 rations
 r - 2 chunks of flesh


   Skills:
 + Level 2.7 Fighting
 + Level 4.0 Dodging
 * Level 3.8 Stealth
 * Level 3.3 Unarmed Combat
 + Level 2.5 Spellcasting
 - Level 4.4 Translocations


You had 6 spell levels left.
You knew the following spells:

 Your Spells              Type           Power        Failure   Level  Hunger
a - Blink                 Tloc           N/A          5%          2    ###....

Your spell library contained the following spells:

 Spells                   Type           Power        Failure   Level  Hunger
 Gell's Gravitas          Tloc           ###.......   11%         3    ###....
 Lesser Beckoning         Tloc           ###.......   11%         3    ###....
 Teleport Other           Tloc           ###.....     11%         3    ###....
 Shroud of Golubria       Chrm/Tloc      #.....       13%         2    ###....
 Passage of Golubria      Tloc           N/A          34%         4    #####..


Dungeon Overview and Level Annotations

Branches:
Dungeon (3/15)

Altars:
The Shining One

Annotations:
D:3 Sigmund


Innate Abilities, Weirdness & Mutations

You cannot wear armour.
You are incapable of wielding weapons or throwing items.
Your paws allow you to move quietly. (Stealth)
You have sharp claws.
You have razor-sharp teeth.
You have supernaturally acute eyesight. (SInv)
You are carnivorous and can eat meat at any time.
You cover ground quickly.
You are covered in fur. (AC +1)
You have a slow metabolism.
Your sharp claws are effective at attacking unaware monsters.


Message History

You scratch Sigmund but do no damage.
Sigmund is lightly wounded.
Sigmund completely misses you.
You closely miss Sigmund.
Sigmund is lightly wounded.
Sigmund misses you.
You completely miss Sigmund.
Sigmund is lightly wounded.
You scratch Sigmund but do no damage.
Sigmund is lightly wounded.
Sigmund misses you.
You scratch Sigmund but do no damage.
Sigmund is lightly wounded.
Sigmund misses you.
You scratch Sigmund.
Sigmund is moderately wounded.
You scratch Sigmund. Your bite misses Sigmund.
Sigmund is moderately wounded.
Sigmund hits you with a +0 scythe!
You die...

## #.# #.##...###
##.####.# #....)....
#..<....# ####...###
#..###### ##.## #
#..# #.# ....# #.#
####.#############.#
#.#.............#
b.#@##########..#
.......@# #..#
.###..### #..# #..
#..## #. #...# #.
#.#.# # #.#.# ##.#.#
##....#


You could see Sigmund.

Vanquished Creatures
  Jessica (D:3)
  Robin (D:3)
  4 adders (D:2)
  An ooze (D:1)
  5 worms
  2 dart slugs (D:1)
  2 leopard geckos (D:1)
  An orc (D:3)
  4 giant cockroaches
  9 hobgoblins
  7 jackals
  3 kobolds
  2 quokkas
  9 bats
  2 frilled lizards
  14 goblins
  5 rats
72 creatures vanquished.

Notes
Turn   | Place    | Note
-------+----------+-------------------------------------------
     0 | D:1      | Descartes the Felid Warper began the quest for the Orb.
     0 | D:1      | Reached XP level 1. HP: 9/9 MP: 4/4
   192 | D:1      | Reached skill level 1 in Stealth
   373 | D:1      | Reached XP level 2. HP: 8/13 MP: 6/6
  1152 | D:1      | Reached XP level 3. HP: 14/16 MP: 7/7
  3152 | D:2      | Reached XP level 4. HP: 14/20 MP: 8/8
  3358 | D:2      | HP: 1/20 [poisoned by an adder]
  3361 | D:2      | Succumbed to an adder's poison
  3362 | D:2      | Reached XP level 3. HP: 0/16 MP: 7/7
  3434 | D:2      | Found a glowing golden altar of the Shining One.
  3957 | D:3      | Noticed Jessica
  3965 | D:3      | Killed Jessica
  3965 | D:3      | Reached XP level 4. HP: 11/20 MP: 8/8
  4227 | D:3      | Noticed Robin
  4278 | D:3      | Learned a level 2 spell: Blink
  4324 | D:3      | Killed Robin
  4712 | D:3      | Noticed Sigmund
  4724 | D:3      | Slain by Sigmund

Levels and vault maps discovered:
D:1:      minmay_arrival_shoal_huts, layout_loops_ring,
          chequers_decorated_corner, nrook_campfire, minivault_11
D:2:      layout_loops_ring, tso_metal_star
D:3:      layout_loops_ring, first_ration, uniq_robin, uniq_jessica,
          uniq_sigmund

Skill      XL: |  1  2  3  4 |
---------------+-------------+-----
Stealth        | 1 2 3 |  3.8
Unarmed Combat | 3 |  3.3
Dodging        | 4 |  4.0
Fighting       | |  2.7
Spellcasting   | |  2.5
Translocations | |  4.4

Action                   |  1- 3 |  4- 6 || total
-------------------------+-------+-------++-------
Melee: Unarmed           |   233 |   108 ||   341
       Bite              |    19 |     7 ||    26
       Punch             |     1 |     2 ||     3
 Stab: Sleeping          |    10 |       ||    10
       Distracted        |     1 |       ||     1
  Eat: Chunk             |    19 |     1 ||    20
Armor: Skin              |     7 |    11 ||    18
Dodge: Dodged            |   185 |    97 ||   282
